Map: Orbital Shipyard

Players

TheMakzy - Winner!

  • Race: Terran Terran
  • League: Master

JøkeR

  • Race: Zerg Zerg
  • League: Grandmaster

VOD

Have the link to the VOD?

Description

Time

  • Played on: Dec. 9, 2015, 10:28 a.m.
  • Length: 14:32
Show
View Real Time Build Order
Export as new Build Order

TheMakzy Terran - Winner!

Build Orders: Reaper Expand, Bio Tank, MMM Bio 

Get SALT Encoding   

  12  0:00  SCV  
  13  0:12  SCV  
  14  0:18  Supply Depot  
  14  0:24  SCV  
  15  0:39  SCV  
  15  0:41  Barracks  
  16  0:44  Refinery  
  16  0:52  SCV  
  17  1:04  SCV  
  18  1:19  SCV  
  19  1:32  Reaper, Orbital Command  
  20  1:41  Command Center  
  20  1:50  Supply Depot  
  20  1:58  SCV  
  21  2:04  Marine  
  22  2:11  SCV  
  22  2:14  Factory  
  23  2:23  SCV  
  23  2:24  Barracks Reactor, Refinery  
  24  2:35  SCV  
  25  2:47  SCV  
  26  2:53  Orbital Command  
  26  2:59  SCV  
  26  3:02  Marine x2  
  26  3:03  Factory Tech Lab  
  26  3:04  Starport  
  29  3:11  SCV  
  30  3:19  Barracks  
  30  3:20  SCV, Barracks  
  30  3:21  Marine  
  30  3:22  Marine  
  30  3:23  SCV  
  34  3:30  Siege Tank  
  34  3:32  SCV  
  38  3:35  SCV  
  38  3:40  Supply Depot  
  39  3:42  Marine  
  39  3:44  SCV  
  39  3:46  Medivac  
  44  3:48  SCV  
  44  3:56  SCV  
  44  4:00  SCV  
  46  4:06  Marine x2  
  46  4:08  SCV  
  46  4:09  Barracks Reactor, Barracks Tech Lab  
  48  4:12  SCV  
  48  4:15  Supply Depot  
  48  4:16  Supply Depot  
  49  4:19  Bunker  
  49  4:20  SCV  
  49  4:23  Siege Tank  
  53  4:25  SCV  
  53  4:29  Refinery  
  53  4:30  Supply Depot  
  54  4:36  SCV, Marine x2  
  57  4:40  Stimpack  
  57  4:47  Marine x3  
  57  4:49  SCV x2  
  62  5:01  SCV  
  62  5:02  SCV  
  62  5:04  Supply Depot  
  62  5:05  Refinery  
  64  5:08  Marine  
  64  5:09  Marine x2  
  64  5:11  Command Center, Marine  
  64  5:14  SCV  
  69  5:17  Liberator  
  69  5:30  Bunker  
  69  5:31  Siege Tank, Marine x2  
  69  5:35  Marine x2  
  78  5:37  SCV x2  
  81  5:42  Supply Depot  
  81  5:49  SCV  
  82  5:55  Marine x2  
  82  5:56  Marine x3  
  86  6:02  Engineering Bay  
  86  6:03  Engineering Bay  
  86  6:04  Supply Depot, SCV x2  
  86  6:06  Supply Depot  
  88  6:13  Marine  
  88  6:17  Marine  
  88  6:18  Marine x2  
  92  6:21  Starport Reactor  
  92  6:22  Marine  
  93  6:26  Barracks  
  93  6:27  Barracks  
  93  6:31  Terran Infantry Weapons Level 1, Terran Infantry Armor Level 1  
  93  6:33  SCV  
  94  6:51  Marauder, Marine x3  
  94  6:52  Marine  
  97  7:01  Armory  
  97  7:03  Orbital Command  
  97  7:09  Bunker, Marine  
  97  7:10  Bunker  
  97  7:12  Siege Tank, Medivac x2  
  97  7:13  Bunker, Marauder  
  107  7:19  Barracks Reactor  
  107  7:20  Barracks Tech Lab  
  107  7:21  Combat Shields  
  107  7:25  Marine  
  107  7:26  SCV  
  107  7:29  SCV  
  110  7:30  SCV  
  110  7:34  Marauder  
  113  7:37  Supply Depot  
  113  7:39  SCV  
  113  7:40  Supply Depot  
  113  7:41  SCV, Marine  
  113  7:42  Marine  
  113  7:43  SCV  
  118  7:50  Marine x2  
  118  7:51  SCV, Marauder  
  119  7:53  Terran Vehicle Weapons Level 1  
  119  7:54  SCV  
  119  7:55  SCV, Marine  
  123  8:00  Concussive Shells  
  123  8:02  Marine  
  123  8:03  SCV  
  125  8:06  SCV, Supply Depot  
  125  8:07  SCV  
  125  8:12  Marauder  
  129  8:13  Marauder  
  129  8:14  Siege Tank, Marine  
  129  8:15  Marine x4  
  129  8:16  SCV  
  129  8:19  Supply Depot  
  140  8:20  Marine  
  141  8:28  Medivac x2  
  141  8:32  Terran Infantry Weapons Level 2, Marine x2  
  141  8:33  Marauder, Terran Infantry Armor Level 2  
  149  8:37  Supply Depot  
  149  8:40  Supply Depot  
  149  8:41  Marauder, Marine x2  
  153  8:43  Marine  
  153  8:46  Siege Tank  
  157  8:58  Marauder  
  127  9:10  Marine  
  127  9:11  Marauder, Marine x5  
  127  9:12  Medivac x2  
  139  9:17  Barracks  
  139  9:18  Siege Tank, Barracks  
  139  9:19  Marauder  
  144  9:24  Supply Depot  
  144  9:28  Marine x2  
  144  9:29  Marine  
  147  9:32  Marauder  
  147  9:33  Refinery x2  
  147  9:38  Marine x3  
  149  9:41  Marauder  
  149  9:44  Medivac x2  
  149  9:45  Command Center  
  158  9:46  Marine x2  
  160  9:54  Marauder  
  160  9:56  Marine x2  
  164  10:00  Marine  
  164  10:02  Marauder  
  167  10:12  Marine x3  
  170  10:15  Marauder  
  170  10:20  Barracks Tech Lab  
  172  10:22  Marine x3  
  172  10:23  Barracks Reactor, Marauder  
  177  10:31  Marine x3  
  180  10:38  Marauder  
  180  10:42  Marine  
  181  10:44  Marine  
  181  10:51  Terran Infantry Weapons Level 3, Terran Infantry Armor Level 3  
  181  10:55  Supply Depot x2  
  181  10:56  Supply Depot, Marine x5  
  188  10:57  Marauder  
  188  11:00  Marine, Marauder  
  188  11:02  Marine  
  188  11:03  Marine  
  193  11:05  Marine  
  194  11:14  Marine  
  194  11:15  Marauder  
  194  11:18  Marauder  
  194  11:25  Marauder, Marine  
  172  11:30  Liberator x2  
  172  11:31  Marine  
  172  11:32  Marine x4  
  170  11:33  Planetary Fortress  
  170  11:36  Marauder  
  170  11:39  Marauder  
  171  11:44  Marine  
  171  11:45  Marine x2  
  171  11:46  Siege Tank  
  171  11:47  Marauder  
  176  11:49  Marine  
  181  11:57  Marauder  
  150  12:12  Marauder  
  150  12:15  Marine x3  
  143  12:16  Marine x5, Marauder  
  143  12:18  Marine  
  141  12:33  Marine x4, Marauder  
  141  12:34  Marine x2  
  141  12:36  Marauder  
  150  12:37  Marauder  
  150  12:43  Marine  
  150  12:44  Marine  
  142  12:48  Liberator x2  
  142  12:51  Marine x3  
  126  12:54  Marauder  
  126  12:58  Marauder x2  
  130  13:00  Marine x3  
  130  13:01  Marine x2  
  139  13:09  Marine x2  
  139  13:11  Marine  
  139  13:16  Marauder  
  139  13:18  Marine x3  
  139  13:19  Siege Tank, Marauder  
  135  13:20  Marine  
  131  13:33  Marauder, Marine x3  
  130  13:36  Marine x2  
  130  13:37  Marine, Marauder  
  129  13:44  Marine x2  
  129  13:45  Marauder  
  130  13:56  Marine x2  
  130  13:57  Marine, Marauder  
  130  13:58  Marauder  
  137  14:05  Marine x2  
  137  14:06  Marauder  
Show
View Real Time Build Order
Export as new Build Order

JøkeR Zerg 

Build Orders: Pool First 

Get SALT Encoding   

  12  0:01  Drone  
  13  0:08  Drone  
  14  0:20  Drone, Extractor  
  14  0:21  Extractor  
  14  0:22  Drone  
  16  0:42  Overlord, Spawning Pool  
  15  1:05  Hatchery  
  15  1:06  Drone  
  15  1:10  Drone  
  16  1:13  Drone  
  17  1:22  Drone  
  18  1:29  Queen  
  18  1:30  Extractor  
  19  1:33  Drone  
  19  1:39  Drone  
  21  1:56  Zergling x2  
  22  2:07  Overlord  
  22  2:16  Queen  
  24  2:23  Drone x3  
  24  2:27  Drone  
  28  2:32  Metabolic Boost, Drone  
  28  2:33  Queen  
  31  2:38  Drone x3  
  34  2:47  Overlord  
  34  2:49  Drone  
  34  2:50  Drone  
  36  2:58  Roach Warren  
  35  3:01  Drone  
  35  3:04  Overlord  
  36  3:15  Overlord  
  36  3:16  Overlord  
  36  3:21  Extractor  
  35  3:38  Roach x6  
  47  3:45  Roach  
  51  3:48  Roach  
  51  4:09  Roach  
  53  4:11  Roach  
  53  4:12  Zergling x8  
  53  4:13  Zergling x2  
  60  4:20  Zergling x8  
  65  4:24  Drone  
  65  4:27  Drone  
  66  4:32  Hatchery  
  66  4:33  Lair  
  66  4:35  Drone  
  66  4:38  Drone  
  67  4:40  Drone  
  68  4:48  Drone  
  68  4:58  Overlord x3  
  68  5:16  Ravager x2  
  68  5:17  Ravager  
  68  5:18  Ravager  
  68  5:19  Drone x3  
  68  5:20  Drone x6  
  68  5:21  Drone  
  80  5:23  Extractor  
  80  5:28  Drone x2  
  81  5:35  Extractor  
  79  5:57  Drone  
  79  5:58  Drone x2  
  79  5:59  Queen  
  79  6:00  Drone x6  
  79  6:01  Drone  
  79  6:03  Drone  
  92  6:06  Drone x3  
  92  6:07  Drone  
  96  6:12  Glial Reconstitution  
  96  6:16  Evolution Chamber, Spore Crawler  
  96  6:17  Spore Crawler  
  94  6:18  Spore Crawler, Drone x2  
  94  6:19  Evolution Chamber, Drone x2  
  94  6:20  Overlord  
  95  6:34  Ravager x2  
  97  6:57  Zerg Missile Weapons Level 1, Spire, Zerg Ground Armor Level 1  
  97  6:59  Drone x9  
  97  7:00  Drone  
  106  7:01  Overlord  
  106  7:02  Extractor  
  106  7:03  Overlord x3, Extractor  
  106  7:05  Ravager  
  106  7:07  Ravager  
  97  7:32  Roach x7  
  108  7:40  Drone  
  108  7:41  Drone x8  
  117  7:56  Roach x6  
  129  8:05  Overlord x3  
  129  8:06  Overlord  
  129  8:24  Overlord  
  129  8:26  Roach  
  129  8:27  Roach x8  
  147  8:36  Roach x3  
  153  8:42  Roach x2  
  153  8:43  Roach x4  
  153  8:45  Drone  
  153  8:48  Hatchery  
  152  9:03  Roach x7  
  154  9:13  Roach x3  
  154  9:14  Roach x2  
  154  9:16  Hatchery  
  163  9:23  Zerg Ground Armor Level 2, Zerg Missile Weapons Level 2  
  163  9:25  Roach x2  
  163  9:27  Roach  
  169  9:36  Overlord x3  
  169  9:38  Overlord  
  169  9:42  Infestation Pit  
  168  9:51  Roach  
  170  10:01  Drone x2  
  170  10:02  Drone x6  
  170  10:03  Roach  
  170  10:04  Roach x5  
  190  10:10  Roach  
  190  10:14  Roach x4  
  198  10:18  Hive  
  200  10:29  Extractor x2  
  195  10:40  Roach  
  195  10:41  Roach x3  
  193  10:52  Roach  
  193  10:53  Roach x2  
  199  11:07  Ravager  
  198  11:21  Roach  
  198  11:22  Roach x19  
  198  11:23  Roach x8  
  198  11:24  Roach  
  198  11:25  Roach  
  188  11:30  Lair  
  188  11:32  Roach  
  154  11:44  Roach x8  
  154  11:45  Roach  
  161  11:59  Roach x6  
  161  12:00  Roach x2  
  169  12:07  Roach x5  
  127  12:16  Roach x3  
  127  12:17  Roach x2  
  106  12:46  Roach  
  106  12:47  Roach x10  
  95  13:00  Roach  
  95  13:01  Roach x6  
  96  13:16  Roach x5  
  94  13:29  Roach x3  
  94  13:30  Roach x2  
  87  13:40  Roach x4  
Tags
 
Add a new tag
Caveats
  • Supply blocks, unpowered buildings, or Contaminate may cause inaccurate times.
  • Supply counts are checked every 10 seconds.